 Dungeon Crawl Stone Soup version 0.27-a0-906-g0a00ce863d (webtiles) character file.

Game seed: 12036692563009905788

1517 robertstho the Thaumaturge (level 8, -1/44 HPs)
             Began as a Deep Elf Ice Elementalist on Apr 6, 2021.
             Slain by a wyvern (7 damage)
             ... on level 6 of the Dungeon.
             The game lasted 00:11:22 (6510 turns).

robertstho the Thaumaturge (DEIE)                   Turns: 6510, Time: 00:11:23

Health: -1/44      AC: 12    Str: 11    XL:     8   Next: 54%
Magic:  16/22      EV: 13    Int: 23    God:
Gold:   225        SH:  0    Dex: 15    Spells: 12/23 levels left

rFire    + . .     SeeInvis .   A - +2 shortbow (flame)
rCold    . . .     Faith    .   (shield currently unavailable)
rNeg     . . .     Spirit   .   b - +2 robe {rF+}
rPois    .         Reflect  .   (no helmet)
rElec    .         Harm     .   y - scarf {repulsion}
rCorr    .         Rampage  .   (no gloves)
Will     .....                  (no boots)
Stlth    +++.......             (no amulet)
HPRegen  0.14/turn              k - +6 ring of strength
MPRegen  0.18/turn              l - ring of wizardry

@: ice-armoured, freezing walls, repel missiles
A: no striking features
a: no special abilities


You were on level 6 of the Dungeon.
You visited 1 branch of the dungeon, and saw 6 of its levels.

You collected 357 gold pieces.
You spent 132 gold pieces at shops.

Inventory:

Hand Weapons
 e - a +3 vorpal long sword
 z - the +7 whip "Vass" {pain, Str+3 Dex+3}
   (You found it on level 5 of the Dungeon)

   In the hands of one skilled in necromantic magic, it inflicts extra damage on
   living creatures.
   It affects your strength (+3).
   It affects your dexterity (+3).
 A - a +2 shortbow of flaming (weapon)
Missiles
 g - 4 atropa-tipped darts
 B - 21 arrows (quivered ammo)
Armour
 b - a +2 robe of fire resistance (worn)
 f - a +2 cloak
 p - a +2 robe of positive energy
 y - a scarf of repulsion (worn)
Jewellery
 k - a +6 ring of strength (left hand)
 l - a ring of wizardry (right hand)
 r - an amulet of regeneration
 s - a ring of see invisible
 x - a ring of fire
Wands
 u - a wand of iceblast (10)
Scrolls
 a - a scroll of immolation {unknown}
 i - a scroll of summoning {unknown}
 j - 2 scrolls of teleportation {unknown}
 n - a scroll of blinking {unknown}
 o - a scroll of fear
 v - a scroll of brand weapon
 w - a scroll of silence {unknown}
Potions
 c - a potion of berserk rage
 m - a potion of flight {unknown}
 q - a potion of haste
 t - a potion of curing {unknown}


   Skills:
 + Level 1.9 Fighting
 + Level 3.4 Long Blades
 + Level 4.1 Bows
 + Level 3.9 Dodging
 + Level 3.9 Stealth
 * Level 8.0 Spellcasting
 * Level 7.7 Ice Magic


You had 12 spell levels left.
You knew the following spells:

 Your Spells              Type           Power      Damage    Failure   Level
a - Freeze                Ice            100%       1d11      1%          1
b - Frozen Ramparts       Ice            88%        1d10      1%          3
c - Ozocubu's Armour      Ice            44%        N/A       1%          3
d - Hailstorm             Conj/Ice       27%        3d7       6%          4

Your spell library contained the following spells:

 Spells                   Type           Power      Damage    Failure   Level
 Magic Dart               Conj           36%        1d4       2%          1
 Blink                    Tloc           N/A        N/A       4%          2
 Call Imp                 Summ           9%         N/A       4%          2
 Slow                     Hex            9%         N/A       4%          2
 Summon Ice Beast         Ice/Summ       27%        N/A       6%          4
 Conjure Flame            Conj/Fire      9%         6-21      9%          3
 Mephitic Cloud           Conj/Pois/Air  9%         N/A       9%          3


Dungeon Overview and Level Annotations

Branches:
Dungeon (6/15)
 Temple: D:4-7

Altars:
Ashenzari
Ru

Shops:
D:4 [


Message History

The arrow hits the orc but does no damage.
The orc is heavily wounded.
The orc misses you.
You shoot an arrow. The arrow hits the orc!
The arrow burns the orc.
You kill the orc!
No target in view!
No target in view!
B - 22 arrows (gained 5)
Things that are here:
a +0 falchion; a +0 scale mail
B - 23 arrows (gained 1)
A wyvern comes into view.
A wyvern is nearby!
A wyvern is nearby!
A wyvern is nearby!
A wyvern is nearby!
You shoot an arrow. The arrow hits the wyvern.
The arrow burns the wyvern.
The wyvern hisses angrily.
The wyvern is lightly wounded.
No target in view!
No target in view!
No target in view!
The wyvern bites you!
You shoot an arrow. The arrow hits the wyvern!
The arrow burns the wyvern.
The wyvern is moderately wounded.
The wyvern bites you! x2
* * * LOW HITPOINT WARNING * * *
You are too injured to fight recklessly!
You are too injured to fight recklessly!
Casting: Frozen Ramparts (safe; 1% risk of failure)
Confirm with . or Enter, or press ? or * to list all spells.
A film of ice covers your body! The wyvern closely misses you.
Unknown command.
Casting: Ozocubu's Armour (safe; 1% risk of failure)
Confirm with . or Enter, or press ? or * to list all spells.
Casting: Frozen Ramparts (safe; 1% risk of failure)
Press: ? - help, Dir - look around, f - activate The walls around you are covered in ice.
The wall freezes the wyvern.
The wyvern bites you!
You die...

...# ...#####
#..#.... .......#
#...... ##.###.#
#..... .......# #....
#...##.# #(..
....##.# #.. ##
†......# #l##.#
.......####+####@...#
............##.###..#
............##......#
.......#....##.###..+
......###.(.##......#
.....## ##..........#
....## ##..)......#
...## ##.#.####.#
....# #..#.# .#


You could see a wyvern.

Vanquished Creatures
  Sigmund (D:4)
  Eustachio (D:6)
  Edmund (D:5)
  2 water moccasins
  A black bear (D:4)
  An ogre (D:6)
  A necrophage (D:4)
  A centaur (D:5)
  A howler monkey (D:5)
  6 hounds
  An orc priest (D:2)
  2 jellies (D:5)
  An orc wizard (D:5)
  A hound skeleton (D:4)
  8 adders
  3 gnolls (D:5)
  An adder skeleton (D:5)
  A worm (D:4)
  A dart slug (D:3)
  10 orcs
  8 ball pythons
  6 bats
  3 endoplasms
  13 goblins
  4 hobgoblins
  12 jackals
  6 quokkas
  4 frilled lizards
  2 kobolds
  A quokka skeleton (D:4)
  7 rats
111 creatures vanquished.

Notes
Turn   | Place    | Note
-------+----------+-------------------------------------------
     0 | D:1      | robertstho the Deep Elf Ice Elementalist began the quest
                  | for the Orb.
     0 | D:1      | Reached XP level 1. HP: 10/10 MP: 6/6
   315 | D:1      | Reached XP level 2. HP: 11/15 MP: 6/8
   663 | D:1      | Found a faded altar of an unknown god.
   679 | D:1      | Reached skill level 4 in Spellcasting
   846 | D:1      | Reached XP level 3. HP: 17/19 MP: 5/10
  1988 | D:2      | Reached skill level 5 in Ice Magic
  2204 | D:2      | Reached XP level 4. HP: 24/24 MP: 8/12
  2257 | D:2      | Learned a level 3 spell: Frozen Ramparts
  2261 | D:2      | Learned a level 3 spell: Ozocubu's Armour
  2266 | D:2      | Learned a level 4 spell: Hailstorm
  3065 | D:3      | Found a sacrificial altar of Ru.
  3382 | D:4      | Reached skill level 5 in Spellcasting
  3382 | D:4      | Reached XP level 5. HP: 22/28 MP: 9/14
  3386 | D:4      | Reached skill level 1 in Long Blades
  3470 | D:4      | Noticed Sigmund
  3482 | D:4      | Killed Sigmund
  3483 | D:4      | Reached skill level 1 in Fighting
  3483 | D:4      | Reached XP level 6. HP: 21/34 MP: 2/16
  4038 | D:4      | Reached skill level 6 in Spellcasting
  4079 | D:4      | Reached XP level 7. HP: 27/38 MP: 12/18
  4429 | D:4      | Found Ofecs's Armour Shoppe.
  4432 | D:4      | Bought a scarf of repulsion for 132 gold pieces
  4536 | D:5      | Entered Level 5 of the Dungeon
  4635 | D:5      | Identified the +7 whip "Vass" {pain, Str+3 Dex+3}
  5087 | D:5      | Noticed Edmund
  5094 | D:5      | Reached skill level 7 in Spellcasting
  5096 | D:5      | Killed Edmund
  5097 | D:5      | Reached XP level 8. HP: 18/43 MP: 10/21
  5561 | D:5      | Found a broken altar of Ashenzari.
  6009 | D:6      | Reached skill level 1 in Bows
  6255 | D:6      | Noticed Eustachio
  6278 | D:6      | Killed Eustachio
  6279 | D:6      | Reached skill level 8 in Spellcasting
  6510 | D:6      | Slain by a wyvern

Illustrated notes

Levels and vault maps discovered:
D:1:      amcnicky_arrival_single_pillar, layout_rooms, basic_ecumenical_altar,
          chequers_serial_rivers_small_a
D:2:      layout_basic, guppyfry_early_lair_pool
D:3:      layout_basic, nicolae_ru_sacrificial_ziggurat, kennysheep_boxes
D:4:      layout_loops_cross, serial_shops, kennysheep_mini, uniq_sigmund
D:5:      layout_rooms, old_standard_altar, uniq_edmund
D:6:      layout_basic, nemelex_diamond_rough_becter, tso_altar, minivault_26,
          kennysheep_generic_room_9, uniq_eustachio

Skill      XL: |  1  2  3  4  5  6  7  8 |
---------------+-------------------------+-----
Spellcasting   | 4 5 6 7 8 |  8.0
Ice Magic      | 5 6 7 |  7.7
Stealth        | 3 |  3.9
Long Blades    | 1 2 3 |  3.4
Dodging        | 3 |  3.9
Fighting       | 1 |  1.9
Bows           | 4 |  4.1

Action                   |  1- 3 |  4- 6 |  7- 9 || total
-------------------------+-------+-------+-------++-------
Melee: Unarmed           |    10 |       |       ||    10
       Dagger            |    23 |       |       ||    23
       Long sword        |     9 |    57 |    12 ||    78
       Whip              |       |       |     7 ||     7
 Fire: Shortbow          |       |       |    68 ||    68
 Cast: Freeze            |    45 |     3 |    10 ||    58
       Frozen Ramparts   |       |     9 |    11 ||    20
       Ozocubu's Armour  |       |     1 |     1 ||     2
  Use: Scroll            |       |       |     6 ||     6
       Potion            |       |       |     2 ||     2
 Stab: Sleeping          |     2 |     2 |       ||     4
Armor: Robe              |    23 |    23 |    19 ||    65
Dodge: Dodged            |    50 |    47 |    55 ||   152
       Rpst.: Long sword |     3 |    12 |     2 ||    17

Table legend: (Time is in decaauts)
 A = Elapsed time spent in this place.
 B = Non-inter-level travel time spent in this place.
 C = Inter-level travel time spent in this place.
 D = Time resting spent in this place.
 E = Time spent auto-exploring this place.
 F = Levels seen in this place.
 G = Mean time per level.
                   A        B        C        D        E       F      G
               +--------+--------+--------+--------+--------+-----+--------+
         Total |   6552 |   6412 |    140 |    608 |   5000 |   6 | 1092.0 |
       Dungeon |   6552 |   6412 |    140 |    608 |   5000 |   6 | 1092.0 |
               +--------+--------+--------+--------+--------+-----+--------+

Top non-repeatable levels by time:
     D:4: 1664 daAuts
     D:1: 1476 daAuts
     D:5: 1068 daAuts
     D:2: 972 daAuts
     D:3: 780 daAuts
     D:6: 591 daAuts
